[Event "EYCC Open U16 2018"]
[Site "Riga"]
[Date "2018.08.24"]
[Round "5"]
[White "Petriashvili, Nikoloz"]
[Black "Guerra Rivera, Salvador"]
[Result "1-0"]
[ECO "D30"]
[WhiteElo "2323"]
[BlackElo "2358"]
[Annotator "NA"]
[PlyCount "81"]
[EventDate "2018.08.20"]
[EventType "swiss"]
[EventCountry "LAT"]
[SourceTitle "playchess.com"]
[Source "ChessBase"]
[SourceQuality "1"]
[TimeControl "40/5400+30:1800+30"]

1. d4 d5 2. c4 e6 3. Nf3 a6 4. cxd5 exd5 5. Nc3 c6 {[%emt 0:00:27] D31: Queen's Gambit Declined: Semi-Slav without ...Nf6 (+ Marshall Gambit and Noteboom) and Exchange Variation lines without ...Nf6} (5... Nf6 6. Qb3 Be7 7. Bf4 O-O 8. e3 Bd6 9. Bg5 c6 10. Bd3 Re8 11. O-O Be7 12. Rae1 Nbd7 13. e4 Nb6 14. Bxf6 Bxf6 15. exd5 Rxe1 16. Rxe1 Nxd5 {½-½ (30) Dubov,D (2691)-Fedoseev,V (2707) Abu Dhabi 2018}) 6. Bf4 Bd6 7. Bg3 (7. Bxd6 $14 Qxd6 8. e3) 7... Ne7 8. e3 {[%emt 0:00:45] LiveBook: 14 Games} O-O 9. Bd3 Bf5 10. Bxf5 Nxf5 11. Qd3 Qf6 12. Be5 $146 ({Predecessor:} 12. O-O-O Nd7 {1-0 (58) Kuzmin,A (2587)-Velicka,P (2458) Andorra 2000}) 12... Bxe5 13. Nxe5 Nd6 14. O-O Qe7 15. b4 f6 16. Nf3 Nd7 17. a4 b5 18. Nd2 f5 19. Ra2 Nb6 $11 20. Nb3 Nbc4 21. Rfa1 Rac8 22. Nc5 a5 23. bxa5 b4 24. Ne2 Ne4 25. Nb3 Rf6 26. Rc1 Qf7 27. Rac2 Na3 28. Rb2 Rh6 29. Nc5 Nc4 30. Rxb4 Qh5 31. h3 Qh4 32. Rf1 Ned2 33. Rc1 Rg6 34. Nf4 Rf6 35. a6 Rf7 36. Qe2 Ne4 37. Rb7 Ncd6 38. Rxf7 Nxf7 39. Nxe4 dxe4 40. a7 Qe7 41. Rxc6 1-0

[Event "EYCC Open U16 2018"]
[Site "Riga"]
[Date "2018.08.24"]
[Round "5"]
[White "Degraeve, Remy"]
[Black "Gatineau, Yovann"]
[Result "1-0"]
[ECO "C43"]
[WhiteElo "2322"]
[BlackElo "2368"]
[Annotator "NA"]
[PlyCount "131"]
[EventDate "2018.08.20"]
[EventType "swiss"]
[EventCountry "LAT"]
[SourceTitle "playchess.com"]
[Source "ChessBase"]
[SourceQuality "1"]
[TimeControl "40/5400+30:1800+30"]

1. e4 e5 2. Nf3 Nf6 3. d4 Nxe4 4. dxe5 d5 5. Nbd2 Qd7 {[%emt 0:00:49] C43: Petroff Defence: 3 d4} 6. Nb3 Be7 $146 ({Predecessor:} 6... Na6 7. Be2 Nac5 8. Nbd4 g6 9. c4 Bg7 10. cxd5 Qxd5 11. Qc2 Ne6 12. Nb3 N4c5 13. Bc4 {1-0 (35) Matlakov,M (2704)-Iljin,A (2528) Sochi 2018}) 7. Bd3 O-O 8. O-O b6 9. Qe2 Bb7 {[%emt 0:00:45] [#]} 10. c4 $1 Rd8 11. cxd5 Qxd5 12. Bc4 Qc6 13. Bf4 Qg6 14. Rfd1 Nc6 15. Re1 ({Better is} 15. g3 $14) 15... Nc5 16. Nxc5 Bxc5 17. Nh4 ({Nur nicht} 17. e6 $2 Nd4 $19) 17... Nd4 18. Nxg6 Nxe2+ 19. Rxe2 hxg6 20. Bb3 Rd4 21. Bg3 Ba6 22. Ree1 Rd2 23. Rad1 Rad8 24. h3 R8d3 25. Rxd2 Rxd2 26. e6 fxe6 27. Rxe6 Kh7 28. Rc6 Rxb2 29. Rxc7 Rb1+ 30. Kh2 Rf1 31. Rxa7 Bd3 32. Rd7 Bb5 33. Rd2 g5 34. Bc2+ g6 35. Rd5 Bxf2 36. Bxf2 Rxf2 37. Bb3 Bc6 38. Rxg5 Be4 39. Rg4 Bc6 40. Bc4 Kh6 41. Kg1 Rb2 42. Bf7 g5 43. h4 Rb5 44. Rxg5 Rxg5 45. hxg5+ Kxg5 46. Kf2 Kf4 47. g3+ Ke5 48. Ke3 Bd7 49. Bb3 Bg4 50. Bc4 Bd7 51. Bg8 Bg4 52. Bb3 Bh5 53. Kd3 Bf3 54. Kc4 Be2+ 55. Kb4 Kd6 56. Bc4 Bg4 57. Bf7 Be2 58. Bb3 Bg4 59. Kb5 Kc7 60. Kc4 Kd6 61. Kd4 Bh5 62. Ke4 Bg6+ 63. Kf4 Kc5 64. Kg5 Bd3 65. g4 Kd4 66. Kf6 $18 1-0

[Event "EYCC Open U16 2018"]
[Site "Riga"]
[Date "2018.08.24"]
[Round "5"]
[White "Remizov, Yaroslav"]
[Black "Salemgareev, Tagir"]
[Result "1/2-1/2"]
[ECO "B90"]
[WhiteElo "2317"]
[BlackElo "2375"]
[Annotator "NA"]
[PlyCount "114"]
[EventDate "2018.08.20"]
[EventType "swiss"]
[EventCountry "LAT"]
[SourceTitle "playchess.com"]
[Source "ChessBase"]
[SourceQuality "1"]
[TimeControl "40/5400+30:1800+30"]

1. e4 c5 2. Nf3 d6 3. d4 cxd4 4. Nxd4 Nf6 5. Nc3 a6 6. Be3 e5 7. Nb3 Be6 8. Qd2 Nbd7 9. f3 h5 10. Nd5 {[%emt 0:00:14] B90: Sicilian Najdorf: Unusual White 6th moves, 6 Be3 Ng4 and 6 Be3 e5} Bxd5 11. exd5 g6 12. Be2 Bg7 13. O-O b6 (13... a5 14. a4 O-O 15. Bb5 Qc7 16. c4 b6 17. h3 Nc5 18. Nxc5 bxc5 {½-½ (49) Carlsen,M (2842)-Vachier Lagrave,M (2779) Biel 2018}) 14. c4 {[%emt 0:01:15] LiveBook: 23 Games} O-O 15. Rae1 a5 16. Kh1 Kh7 $146 ({Predecessor:} 16... Nc5 17. Na1 Kh7 {½-½ (50) Biedermann,T (2420)-Joppich,U (2468) GER email 2016}) 17. Bd3 Nc5 18. Nxc5 bxc5 19. Bg5 Qc7 20. f4 e4 21. Bc2 Rab8 22. b3 Rbe8 23. h3 Kg8 24. f5 Re5 25. Bxf6 Bxf6 26. fxg6 fxg6 27. Rxe4 Bg5 28. Rxf8+ Kxf8 29. Qf2+ Qf7 30. Qxf7+ Kxf7 31. Rxe5 dxe5 32. Kg1 h4 33. Kf2 Bf4 34. a3 Bc1 35. b4 cxb4 36. axb4 axb4 37. c5 b3 38. Bxb3 Ba3 39. c6 Ke7 40. Kf3 Kd8 41. Kg4 Be7 42. d6 Bxd6 43. Kxh4 Be7+ 44. Kg4 e4 45. Kf4 Kc7 46. Ba4 Kd6 47. Kxe4 Bd8 $18 48. g4 g5 49. Kd4 Bb6+ 50. Kc4 Bf2 51. Kb5 Kc7 52. Bc2 Be1 53. Be4 Bf2 54. Kc4 Bg3 55. Kd5 Bf2 56. Ke5 Bg3+ 57. Ke6 Bf2 1/2-1/2

[Event "EYCC Open U16 2018"]
[Site "Riga"]
[Date "2018.08.24"]
[Round "5"]
[White "Postnikov, Roman"]
[Black "Szpar, Milosz"]
[Result "1-0"]
[ECO "A61"]
[WhiteElo "2070"]
[BlackElo "2365"]
[Annotator "NA"]
[PlyCount "83"]
[EventDate "2018.08.20"]
[EventType "swiss"]
[EventCountry "LAT"]
[SourceTitle "playchess.com"]
[Source "ChessBase"]
[SourceQuality "1"]
[TimeControl "40/5400+30:1800+30"]

1. d4 Nf6 2. c4 e6 3. Nf3 c5 4. d5 exd5 5. cxd5 d6 6. Nc3 g6 7. e4 {[%emt 0:01:10] LiveBook: 2677 Games} Bg7 8. Bb5+ Nfd7 9. a4 O-O 10. O-O a6 11. Bd3 Re8 {[%emt 0:00:48] A70: Modern Benoni: 6 e4 g6 7 Nf3} (11... Ne5 $11 {keeps the balance.}) 12. Bf4 Qc7 ({Black should play} 12... Qe7 $14) 13. Rc1 b6 $146 ({Predecessor:} 13... Ne5 14. Nxe5 Bxe5 15. Bxe5 dxe5 16. b4 {1-0 (26) Sambuev,B (2573)-Chiku Ratte,O (2031) Montreal 2010}) 14. Re1 Ne5 15. Nxe5 Bxe5 16. Bxe5 dxe5 17. Bc4 Qd6 18. Qb3 Nd7 19. Nd1 Nf6 20. Qd3 Qd7 21. Ne3 Bb7 22. Bb3 Rab8 23. a5 bxa5 24. Rxc5 $16 a4 25. Ba2 Qd6 26. Rc4 Nd7 27. Qa3 Qxa3 28. bxa3 Rec8 29. Rb1 Rxc4 30. Nxc4 f6 31. f3 Kf8 32. Nb6 Rd8 33. Nxd7+ Rxd7 34. Rb6 f5 35. Bc4 fxe4 36. fxe4 Rc7 37. Rb4 Bc8 38. d6 Rb7 39. d7 Rxd7 40. Rb8 Rd8 41. Bxa6 Ke7 42. Rxc8 1-0

[Event "EYCC Open U16 2018"]
[Site "Riga"]
[Date "2018.08.26"]
[Round "6"]
[White "Gorshtein, Ido"]
[Black "Tryggestad, Andreas Garberg"]
[Result "1/2-1/2"]
[ECO "B47"]
[WhiteElo "2375"]
[BlackElo "2312"]
[Annotator "NA"]
[PlyCount "50"]
[EventDate "2018.08.20"]
[EventType "swiss"]
[EventCountry "LAT"]
[SourceTitle "playchess.com"]
[Source "ChessBase"]
[SourceQuality "1"]
[TimeControl "40/5400+30:1800+30"]

1. e4 c5 2. Ne2 e6 3. d4 cxd4 4. Nxd4 Nc6 5. Nc3 Qc7 6. f4 Bb4 {[%emt 0:02:06] B47: Sicilian: Taimanov: 5 Nc3 Qc7 6 f4, 6 g3 and 6 Be2} 7. Ndb5 Qa5 $146 ({Predecessor:} 7... Qb8 8. a3 Be7 9. e5 Nh6 10. Ne4 O-O 11. Bd3 b6 12. O-O Ba6 13. c4 Bxb5 14. cxb5 {1-0 (29) Vachier Lagrave,M (2634)-Novikov,S (2534) Germany 2007}) 8. a3 Bxc3+ 9. Nxc3 Nf6 10. Bd2 O-O 11. Bd3 d6 12. O-O a6 (12... Qb6+ $14 13. Kh1 Bd7) 13. Kh1 Qc7 14. Qf3 b5 15. Rae1 Nd7 16. Qg3 Nc5 17. f5 f6 18. fxe6 Bxe6 19. b4 Nxd3 20. cxd3 Ne5 21. Rc1 Qd7 $11 22. Bf4 Rac8 23. Ne2 Rxc1 24. Rxc1 Rc8 25. Qe3 Bg4 1/2-1/2

[Event "EYCC Open U16 2018"]
[Site "Riga"]
[Date "2018.08.26"]
[Round "6"]
[White "Salemgareev, Tagir"]
[Black "Travadon, Loic"]
[Result "1-0"]
[ECO "A40"]
[WhiteElo "2375"]
[BlackElo "2334"]
[Annotator "NA"]
[PlyCount "97"]
[EventDate "2018.08.20"]
[EventType "swiss"]
[EventCountry "LAT"]
[SourceTitle "playchess.com"]
[Source "ChessBase"]
[SourceQuality "1"]
[TimeControl "40/5400+30:1800+30"]

1. d4 Nf6 2. c4 e6 3. g3 Bb4+ 4. Nd2 d5 5. Bg2 a5 6. Qc2 dxc4 7. Qxc4 O-O 8. a3 Be7 9. Ngf3 Nbd7 10. O-O b5 11. Qxb5 Ba6 12. Qa4 Bxe2 13. Re1 Nb6 14. Qc2 Bb5 15. Ne5 Nbd5 16. Ne4 Nxe4 17. Bxe4 f5 18. Bg2 Bf6 19. Bd2 Qd6 20. Rac1 Rfb8 21. h4 h6 $16 (21... a4 $142) 22. h5 Be8 23. Nc4 Qd7 24. Nxa5 Bxd4 25. b4 c5 26. Nb3 Rxa3 27. Nxc5 Bxc5 28. bxc5 Ra6 29. Re5 Bxh5 30. c6 Qd6 31. Rxd5 exd5 32. Bf4 Rxc6 33. Bxd6 Rxc2 34. Bxd5+ Bf7 35. Bxf7+ Kxf7 36. Rxc2 Re8 37. Kg2 g5 38. Ba3 Ra8 39. Bb2 Ra2 40. Rc7+ Kg6 41. Rc6+ Kh5 42. Bg7 Kg4 43. Bxh6 Rb2 44. Rg6 Kh5 45. Rxg5+ Kxh6 46. Rxf5 Kg6 47. Rc5 Ra2 48. g4 Ra3 49. f3 1-0

[Event "EYCC Open U16 2018"]
[Site "Riga"]
[Date "2018.08.26"]
[Round "6"]
[White "Shubin, Kirill"]
[Black "Haring, Filip"]
[Result "1-0"]
[ECO "B42"]
[WhiteElo "2374"]
[BlackElo "2263"]
[Annotator "NA"]
[PlyCount "75"]
[EventDate "2018.08.20"]
[EventType "swiss"]
[EventCountry "LAT"]
[SourceTitle "playchess.com"]
[Source "ChessBase"]
[SourceQuality "1"]
[TimeControl "40/5400+30:1800+30"]

1. e4 c5 2. Nf3 e6 3. d4 cxd4 4. Nxd4 a6 5. Bd3 Bc5 6. Nb3 Be7 7. c4 d6 8. Nc3 Nf6 9. O-O O-O 10. Be3 {[%emt 0:01:13] B42: Sicilian: Kan Variation: 5 Bd3} Qc7 (10... b6 11. a4 Nc6 12. f3 Nd7 13. Qd2 Nc5 14. Bc2 Nb4 15. Nd4 Bb7 16. Nce2 Nxc2 17. Qxc2 Qc7 {0-1 (41) Roganovic,M (2524)-Markus,R (2623) Belgrade 2014}) 11. f4 b6 {[%emt 0:07:04] LiveBook: 4 Games} 12. Qf3 Bb7 13. Qh3 Nbd7 14. Rae1 {[%emt 0:01:29] [#]} Rad8 $146 ({Better is} 14... h5 $14) ({Predecessor:} 14... g6 15. Nd2 Rfe8 16. Kh1 Bf8 17. Nf3 Bg7 18. Ng5 Rad8 19. Bb1 h6 20. Nxf7 Kxf7 {1-0 (48) Zhang,X (2367)-Gunina,V (2514) Wuxi 2013}) 15. Bd4 e5 16. Be3 Nc5 17. Nxc5 dxc5 18. Nd5 Bxd5 19. exd5 e4 20. Bb1 Bd6 $16 21. Bd2 Rfe8 22. Bc3 Qe7 23. g4 g6 24. Qh6 e3 25. Rf3 e2 26. Bd3 Qd7 27. Bxf6 Bf8 28. Qh3 Qa4 29. g5 Bg7 30. Bxg7 Kxg7 31. Qh6+ Kg8 32. Rh3 Qd1 33. Qxh7+ Kf8 34. Qh8+ Ke7 35. Qc3 Kd7 36. Bc2 Qd4+ 37. Qxd4 cxd4 38. Bd3 1-0

[Event "EYCC Open U16 2018"]
[Site "Riga"]
[Date "2018.08.26"]
[Round "6"]
[White "Remizov, Yaroslav"]
[Black "Petriashvili, Nikoloz"]
[Result "1/2-1/2"]
[ECO "C47"]
[WhiteElo "2317"]
[BlackElo "2323"]
[Annotator "NA"]
[PlyCount "109"]
[EventDate "2018.08.20"]
[EventType "swiss"]
[EventCountry "LAT"]
[SourceTitle "playchess.com"]
[Source "ChessBase"]
[SourceQuality "1"]
[TimeControl "40/5400+30:1800+30"]

1. e4 e5 2. Nf3 Nc6 3. Nc3 Nf6 4. Be2 d5 5. exd5 Nxd5 6. O-O Be7 {[%emt 0:02:46] C47: Scotch Four Knights and Four Knights with 4 g3} (6... Nxc3 7. bxc3 e4 8. Ne1 Bd6 9. f3 f5 10. fxe4 fxe4 11. Rb1 Qe7 12. d4 exd3 13. cxd3 Bd7 14. Rxb7 O-O-O 15. Rb2 {1-0 (29) Van Foreest,J (2629)-Giri,A (2752) Amstelveen 2017}) 7. Bb5 Nxc3 8. bxc3 e4 9. Nd4 Bd7 10. Bxc6 $146 ({Predecessor:} 10. Nxc6 bxc6 11. Bc4 O-O 12. Qe2 Bf5 13. f3 Bc5+ 14. Kh1 {1-0 (49) Nagy,G (2377)-Pesztericz,L (2065) Banska Stiavnica 2015}) 10... bxc6 11. Qe2 c5 12. Nb3 O-O 13. Qxe4 Re8 14. d3 Bd6 15. Qf3 c4 16. Nd4 c5 17. Nf5 Be5 18. dxc4 Qf6 19. Ne3 Qxf3 20. gxf3 Bxc3 21. Rb1 Bh3 22. Rd1 Bd4 23. Nd5 Bf5 24. Be3 Bxc2 25. Bxd4 Bxb1 26. Bxc5 Bxa2 27. Ra1 Bxc4 28. Nc7 a6 29. Nxa8 Rxa8 30. Bb6 f6 31. Kg2 Rb8 32. Be3 Rb7 33. Rc1 Rc7 34. Rd1 Kf7 35. Rd8 Ke6 36. Rh8 h6 37. Kg3 Bd5 38. Re8+ Kd7 39. Rb8 Ke6 40. Re8+ Kf5 41. Rb8 Rc6 42. h4 Bc4 43. Rb7 g5 44. hxg5 fxg5 45. Ra7 h5 46. Rg7 Rg6 47. Rc7 $15 h4+ 48. Kh2 Bd5 49. Rc5 Rd6 50. Ra5 Kg6 51. Bc5 Rc6 52. Be3 Rd6 53. Bc5 Rc6 54. Be3 Bxf3 55. Bxg5 1/2-1/2

[Event "EYCC Open U16 2018"]
[Site "Riga"]
[Date "2018.08.26"]
[Round "6"]
[White "Stefansson, Vignir Vatnar"]
[Black "Baenziger, Fabian"]
[Result "1/2-1/2"]
[ECO "A45"]
[WhiteElo "2260"]
[BlackElo "2373"]
[Annotator "NA"]
[PlyCount "112"]
[EventDate "2018.08.20"]
[EventType "swiss"]
[EventCountry "LAT"]
[SourceTitle "playchess.com"]
[Source "ChessBase"]
[SourceQuality "1"]
[TimeControl "40/5400+30:1800+30"]

1. d4 Nf6 2. Bg5 Ne4 3. Bf4 d5 4. e3 c5 5. c3 Nc6 {[%emt 0:00:12] A45: Trompowsky Attack} 6. Bd3 Nf6 7. Nd2 Bg4 (7... Qb6 8. Rb1 Bg4 9. Ngf3 e6 10. Qa4 Be7 11. Ne5 O-O 12. Bg5 c4 13. Bc2 Bh5 14. Bxf6 gxf6 {1-0 (52) Mchedlishvili,M (2603)-Amin,B (2689) Riadh 2017}) 8. Ngf3 Rc8 9. O-O e6 10. Qa4 Nd7 11. Rae1 ({Predecessor:} 11. Ne5 Ndxe5 12. Bxe5 Qd7 13. Bg3 Bh5 14. dxc5 Bxc5 {½-½ (114) Druska,J (2457)-Cernousek,L (2494) Czech Republic 2016}) 11... a6 12. Bb1 Be7 13. Ne5 Ndxe5 14. Bxe5 O-O 15. Bg3 cxd4 16. exd4 Na5 17. b4 Nc4 18. Nxc4 Rxc4 19. Qb3 Bh5 20. f4 Qc8 21. Re3 Bf6 22. Be1 Bg6 23. Bxg6 hxg6 24. g4 g5 25. Bg3 Qc6 26. Kg2 Rc8 27. Rff3 Qd7 28. h3 a5 29. a3 axb4 30. axb4 Ra8 31. Re2 Qc6 32. Rb2 Ra1 33. Rd2 Qa6 34. Qb2 Be7 35. Re2 Ra3 36. Rd2 Qa4 37. f5 exf5 38. gxf5 Rb3 39. Qa2 Ra3 40. Qb2 Bf6 41. Bd6 Rc8 42. Re2 $1 Rb3 43. Qa2 Ra3 44. Qb2 Ra1 45. Qd2 Re8 46. Be5 Bd8 47. Rf1 Rxf1 48. Kxf1 Qd7 49. Qd3 f6 50. Bg3 Re4 51. Qf3 Rxe2 52. Kxe2 b5 53. Kd2 $11 Bb6 54. Bh2 Bd8 55. Bg3 Bb6 56. Bh2 Bd8 1/2-1/2

[Event "EYCC Open U16 2018"]
[Site "Riga"]
[Date "2018.08.26"]
[Round "6"]
[White "Postnikov, Roman"]
[Black "Martinovici, Ilie"]
[Result "1-0"]
[ECO "D30"]
[WhiteElo "2070"]
[BlackElo "2358"]
[Annotator "NA"]
[PlyCount "57"]
[EventDate "2018.08.20"]
[EventType "swiss"]
[EventCountry "LAT"]
[SourceTitle "playchess.com"]
[Source "ChessBase"]
[SourceQuality "1"]
[TimeControl "40/5400+30:1800+30"]

1. d4 d5 2. c4 e6 3. Nf3 c6 4. Nc3 f5 5. g3 Nf6 6. Bg2 Bd6 7. O-O O-O 8. Qc2 Ne4 9. Nd2 Nd7 10. Ndxe4 dxe4 11. Rd1 Qe7 12. Qb3 Kh8 13. Rb1 $11 a6 14. d5 cxd5 15. cxd5 b5 16. h4 Nc5 17. Qc2 e5 18. b4 Nd7 19. a4 bxa4 20. Nxa4 a5 21. Bg5 Qf7 22. bxa5 Rxa5 23. Nb6 Nxb6 24. Rxb6 Bc5 25. Rc6 Qa7 26. d6 Bxf2+ 27. Kh1 Bc5 28. Rxc8 Rxc8 29. d7 1-0

[Event "EYCC Open U16 2018"]
[Site "Riga"]
[Date "2018.08.27"]
[Round "7"]
[White "Yeritsyan, Aram"]
[Black "Gorshtein, Ido"]
[Result "1/2-1/2"]
[ECO "B12"]
[WhiteElo "2330"]
[BlackElo "2375"]
[Annotator "ChessBase"]
[PlyCount "88"]
[EventDate "2018.08.20"]
[EventType "swiss"]
[EventCountry "LAT"]
[TimeControl "40/5400+30:1800+30"]

1. e4 c6 2. d4 d5 3. e5 Bf5 4. h4 Qc7 5. Nc3 a6 6. g4 Bd7 7. h5 e6 8. f4 c5 9. Nf3 Qb6 10. Ne2 Bb5 11. c3 Nc6 12. Be3 Rc8 13. Qd2 Bxe2 14. Bxe2 cxd4 15. Nxd4 Nxd4 16. Bxd4 Bc5 17. Bxc5 Qxc5 18. f5 Ne7 19. h6 g6 20. fxe6 fxe6 21. Rf1 Kd7 22. O-O-O Rhf8 23. Kb1 b5 24. Qg5 Ng8 25. Bd3 Rxf1 26. Rxf1 Rf8 27. Rxf8 Qxf8 28. Qe3 Qb8 29. Qf4 Ne7 30. a4 bxa4 31. Qxa4+ Nc6 32. Bxa6 Kc7 33. Qa3 Kb6 34. Bd3 Qxe5 35. Qa6+ Kc7 36. Bb5 Qd6 37. Kc2 Qc5 38. Bxc6 Qxc6 39. Qa7+ Kd6 40. g5 Qb5 41. Qf2 Qa4+ 42. Kd2 Qe4 43. Qf8+ Kd7 44. Qf7+ Kd6 1/2-1/2

[Event "EYCC Open U16 2018"]
[Site "Riga"]
[Date "2018.08.29"]
[Round "9"]
[White "Globus, Or"]
[Black "Degraeve, Remy"]
[Result "0-1"]
[ECO "E06"]
[WhiteElo "2402"]
[BlackElo "2322"]
[Annotator "RC"]
[PlyCount "134"]
[EventDate "2018.08.20"]
[EventType "swiss"]
[EventCountry "LAT"]
[SourceTitle "playchess.com"]
[Source "ChessBase"]
[SourceQuality "1"]
[TimeControl "40/5400+30:1800+30"]

1. d4 Nf6 2. c4 e6 3. g3 d5 4. Nf3 Be7 5. Bg2 O-O 6. O-O dxc4 7. Qc2 a6 8. a4 Bd7 9. Rd1 Bc6 10. Nc3 Nbd7 11. e4 b5 12. d5 exd5 13. e5 Ng4 14. Nxd5 Bxd5 15. Rxd5 c6 16. Rd4 Nxf2 17. Qxf2 Bc5 18. Be3 Bxd4 19. Nxd4 Nxe5 20. Nxc6 Nxc6 21. Bxc6 Rc8 22. Bb7 Rb8 23. Bxa6 Qa5 24. Bc5 Qxa6 25. Bxf8 Rxf8 26. a5 h6 27. Qc5 Rc8 28. Qe7 Rb8 29. Rf1 Qxa5 30. Qxf7+ Kh8 31. Qf4 Rd8 32. Qe5 Qb6+ 33. Kg2 Qc6+ 34. Kg1 Re8 35. Qf4 Qc5+ 36. Kg2 Re2+ 37. Rf2 Rxf2+ 38. Qxf2 Qd5+ 39. Qf3 Qd2+ 40. Qf2 Qd3 41. h4 Kh7 42. Qc5 Qd2+ 43. Kf3 Qxb2 44. Qf5+ Kg8 45. Qc8+ Kf7 46. Qd7+ Kg8 47. Qc8+ Kh7 48. Qf5+ g6 49. Qd7+ Qg7 50. Qxb5 Qc7 51. h5 c3 52. Qd3 Qc6+ 53. Ke2 c2 54. hxg6+ Kg7 55. Qd4+ Kxg6 56. Qg4+ Kf7 57. Qf4+ Ke7 58. Qc1 Qc3 59. Kf2 Ke6 60. Ke2 Kd5 61. g4 Ke4 62. Qh1+ Kd4 63. Qg1+ Kc4 64. Qc1 Kb3 65. Kf2 Qd3 66. Qxh6 Qd4+ 67. Kg2 Kb2 0-1